[Event "Slovakia Open 2022"]
[Site "Bratislava"]
[Date "2022.09.30"]
[Round "3.8"]
[White "Zetocha, Adrian"]
[Black "Kukelko, Alexey"]
[Result "0-1"]
[ECO "E56"]
[WhiteElo "2205"]
[BlackElo "2280"]
[Annotator "TA"]
[PlyCount "156"]
[EventDate "2022.09.30"]
[EventCountry "SVK"]
[SourceTitle "playchess.com"]
[Source "ChessBase"]
[SourceQuality "1"]
[TimeControl "2700+10"]

1. d4 Nf6 2. c4 e6 3. Nc3 Bb4 4. e3 O-O 5. Bd3 d5 6. Nf3 c5 7. O-O Nc6 8. cxd5 exd5 9. dxc5 Bxc5 10. b3 Bg4 $1 {[%emt 0:02:54] 10...Bg4 is better than 10...Qe7.} 11. Bb2 {[%emt 0:00:12] E56: Nimzo-Indian: Rubinstein: Main Line: 7...Nc6.} a6 {[%emt 0:03:54] 11...Qe7 is not played anymore.} 12. Rc1 Qd6 {[%emt 0:01:16] [#]} 13. Ne2 $146 {[%emt 0:06:43] The position is equal.} ({Predecessor:} 13. h3 Bh5 14. Be2 Rad8 15. Nh4 Bg6 16. Nxg6 hxg6 17. Bf3 Ba7 18. Ne2 Rfe8 19. Nd4 {0-1 (45) Peralta,F (2571)-Mareco,S (2648) Villa Martelli 2017}) 13... Bxf3 14. gxf3 Ba3 15. Bxa3 Qxa3 16. Bb1 Rac8 17. Qd2 g6 18. Rcd1 Rc7 19. Kh1 Rfc8 20. Rg1 Qb4 21. Qb2 Qe7 22. Rg5 Ne4 23. Rg2 Nf6 24. f4 Rd8 25. Nd4 Nxd4 26. Qxd4 Rdc8 27. Bf5 Re8 28. Rdg1 Rc6 29. Bd3 Qc5 30. Qxc5 Rxc5 31. f5 Kf8 32. fxg6 hxg6 33. Rg5 Rc6 34. Rd1 d4 35. exd4 Rd6 36. d5 Red8 37. Bc4 (37. h4 $11 {remains equal.}) 37... b5 $17 38. Bf1 ({Better is} 38. Bd3) 38... Ne4 ({Inferior is} 38... Rxd5 39. Rgxd5 Rxd5 40. Rxd5 Nxd5 41. a4 $11) ({And not} 38... Nxd5 39. a4 $15) 39. Rg2 Rxd5 40. Rxd5 Rxd5 {[%emt 0:00:00][%mdl 4096] Endgame KRB-KRN} 41. f3 Nd2 (41... Rd1 $142 42. Kg1 Nc3) 42. Be2 Nb1 43. a4 Nc3 44. axb5 axb5 ({Much weaker is} 44... Nxe2 $6 45. Rxe2 axb5 46. Re3 $11) 45. f4 (45. Kg1 $17 {is a better defense.}) 45... Rd4 (45... Rf5 $19 46. Bd3 Rxf4) 46. Kg1 $2 (46. f5 $17) 46... Rxf4 47. Bf1 Ke7 (47... Rb4 $19 48. Rb2 f5) 48. Rc2 (48. Rg5 $17) 48... b4 $19 49. Bc4 g5 50. Kg2 Ne4 51. Ra2 Nd6 52. Ra7+ Kf6 $1 53. Ra6 Rd4 (53... Ke5 $19 {has better winning chances.} 54. Ra5+ Ke4) 54. Rb6 $17 Ke5 55. Rxb4 Kf4 56. Rb6 (56. Ra4 $1 $15) 56... Rd2+ $19 57. Kg1 f5 58. Bf1 g4 59. Ra6 Ne4 60. Ra4 $2 (60. Ra1) 60... Ke3 61. b4 Ng5 $2 (61... Rd1 {aiming for ...Nd2.} 62. Ra3+ Kd4) 62. Ra3+ Kd4 {[%emt 0:00:12] ...Nf3+ is the strong threat.} 63. Bg2 {[%emt 0:00:00] Prevents Nf3+.} f4 (63... Ne4 $17 {And now ...Rd1+ would win.} 64. Ra1 Rb2) 64. Ra5 $2 ({White should try} 64. Ra8 $15) 64... Rd1+ ({Black should play} 64... f3 $1 $19 65. Bf1 Ne6) 65. Kf2 $17 {[%emt 0:00:07] [#] Strongly threatening Rd5+.} Rd2+ $2 (65... Ne4+ $1 $17 66. Bxe4 Kxe4) 66. Kg1 $1 $19 {[%emt 0:00:19] [#]} Ne4 $2 (66... f3 $1 $19 {( -> ...Rd1+)} 67. Bf1 Ne6) 67. Bxe4 $17 Kxe4 {[%emt 0:00:00] KR-KR} 68. b5 Rd1+ (68... Rb2 $17 69. Ra4+ Kf3 70. Ra3+ Ke2) 69. Kf2 $1 $15 Rd2+ (69... Rb1 $142 70. Ra4+ Ke5) 70. Kg1 $17 Rd3 {[%emt 0:00:01] White must now prevent ...Rd1+.} 71. Kf2 Rd2+ 72. Kg1 Rb2 73. Ra4+ Ke3 {[%emt 0:00:19] Black is much more active.} 74. h3 $2 (74. Ra1 $17) 74... Rb1+ {[%emt 0:00:29] Black mates.} 75. Kg2 f3+ 76. Kg3 Rg1+ 77. Kh2 f2 78. Ra3+ Kd4 {[%emt 0:00:03] Weighted Error Value: White=0.32/Black=0.21 (precise)} 0-1

[Event "Slovakia Open 2022"]
[Site "Bratislava"]
[Date "2022.09.30"]
[Round "3.9"]
[White "Laurusas, Tomas"]
[Black "Djubek, Boris"]
[Result "1-0"]
[ECO "D66"]
[WhiteElo "2563"]
[BlackElo "1995"]
[Annotator "TA"]
[PlyCount "73"]
[EventDate "2022.09.30"]
[EventCountry "SVK"]
[SourceTitle "playchess.com"]
[Source "ChessBase"]
[SourceQuality "1"]
[TimeControl "2700+10"]

1. d4 d5 2. c4 e6 3. Nc3 Nf6 4. Bg5 Be7 5. e3 O-O 6. Nf3 c6 7. Rc1 Nbd7 8. Bd3 dxc4 9. Bxc4 b5 10. Bd3 Bb7 11. O-O a6 12. a4 $1 {[%emt 0:00:12][%mdl 4] is more profitable than 12.Qe2 at the moment.} Rc8 {[%emt 0:01:33] D66: Queen's Gambit Declined: Classical: Main Line (7 Rc1 c6 8 Bd3).} 13. Qe2 {[%emt 0:06:04] [#]} Nd5 $146 {[%emt 0:07:34] Threatens to win with ...Nxc3.} ({Predecessor:} 13... h6 14. Bh4 Nb6 15. Bb1 Nbd5 16. Ne5 c5 17. axb5 axb5 18. dxc5 Rxc5 19. Nxb5 Qb6 20. Nd4 {½-½ (69) Iniyan,P (2494)-Barzen,P (2301) Schwaebisch Gmuend 2020}) 14. Ne4 Nb4 {[%emt 0:05:09] White is better.} 15. Bxe7 (15. axb5 cxb5 16. Rxc8 Bxc8 $14) 15... Qxe7 {[%emt 0:00:17] [#]} 16. Nc5 $1 (16. axb5 $6 Nxd3 17. Qxd3 cxb5 $11) 16... Nxc5 17. Rxc5 Nxd3 18. Qxd3 bxa4 19. Qc2 {[%emt 0:03:28] White is much more active.} Rfd8 20. e4 (20. Qxa4 $16 Rd5 21. Rfc1) 20... Ra8 (20... Ba8 $11) 21. Qxa4 {[%emt 0:00:34] White stays focused until the end.} h6 22. h3 Qd6 23. Ra1 Qf4 24. Qc2 a5 25. Ra4 ({Of course not} 25. Raxa5 $6 Rxa5 26. Rxa5 c5 $11) 25... Ba6 (25... f6 $16 26. Nd2 (26. Raxa5 Rxa5 27. Rxa5 c5 $11) 26... Bc8) 26. Rcxa5 $18 Bb7 27. Rxa8 Rxa8 28. Rxa8+ Bxa8 {[%emt 0:00:02][%mdl 4096] Endgame KQB-KQN} 29. Nd2 Qd6 30. Qc5 Qxc5 31. dxc5 {[%emt 0:00:01] KB-KN} e5 $2 {[%emt 0:01:01] [#]} (31... Bb7 32. Nb3 Ba6) 32. Nc4 f6 33. Nd6 {[%emt 0:00:32] Prevents Bb7. White is clearly winning.} g6 (33... Kf8 $142 34. f3 h5) 34. Kf1 Kf8 35. Ke2 Ke7 36. Kd3 Ke6 37. g4 {[%emt 0:00:10] Weighted Error Value: White=0.15 (very precise) /Black=0.38} 1-0

[Event "Slovakia Open 2022"]
[Site "Bratislava"]
[Date "2022.09.30"]
[Round "3.11"]
[White "Nestorenko, Dmitry"]
[Black "Balint, Peter"]
[Result "1-0"]
[WhiteElo "2168"]
[BlackElo "2235"]
[Annotator "TA"]
[PlyCount "30"]
[EventDate "2022.09.30"]
[EventCountry "SVK"]
[SourceTitle "playchess.com"]
[Source "ChessBase"]
[SourceQuality "1"]
[TimeControl "2700+10"]

1. Nf3 d5 2. d4 Bg4 3. e4 Nc6 4. exd5 Qxd5 5. Be2 {[%emt 0:00:10] [#] A rather calm draw.} {Predecessor:} O-O-O $146 6. c3 {B01: Scandinavian Defence.} e5 7. O-O exd4 8. Nxd4 Bxe2 9. Qxe2 Nf6 10. Be3 Bc5 11. Nxc6 Qxc6 12. Bxc5 Qxc5 13. Na3 Rhe8 14. Qc4 Qxc4 15. Nxc4 Re2 {0-1 (33) Paravyan,D (2631)-Artemiev,V (2704) Moscow 2021} 1-0

[Event "Slovakia Open 2022"]
[Site "Bratislava"]
[Date "2022.09.30"]
[Round "3.12"]
[White "Nytra, Ondrej"]
[Black "Roshka, Yevgeniy"]
[Result "1-0"]
[ECO "B06"]
[WhiteElo "2233"]
[BlackElo "2497"]
[Annotator "TA"]
[PlyCount "61"]
[EventDate "2022.09.30"]
[EventCountry "SVK"]
[SourceTitle "playchess.com"]
[Source "ChessBase"]
[SourceQuality "1"]
[TimeControl "2700+10"]

1. e4 g6 2. d4 Bg7 3. f4 d5 4. e5 Nh6 5. Be3 O-O (5... f6 {looks sharper.} 6. Nc3 Ng4 7. Bc1 c5) 6. Nf3 {[%emt 0:00:15] B06: Modern Defence.} b6 {[%emt 0:03:49] [#]} (6... f6 $11) 7. a4 $146 (7. Nc3 $14) ({Predecessor:} 7. Bd3 Ba6 8. O-O Qc8 9. c3 e6 10. Na3 Bxd3 11. Qxd3 Qa6 12. Qd2 Nd7 13. Nc2 {0-1 (37) Hansen,C (2310)-Vladimirov,Y (2575) Gausdal 1990}) 7... a5 8. Na3 {[%emt 0:00:46] White is slightly better.} Ba6 9. Qd2 Bxf1 10. Rxf1 Qd7 11. b3 Na6 12. h3 f5 {[%emt 0:00:04] Inhibits g4.} 13. Ng5 e6 14. c3 Rfc8 15. Kf2 Bf8 16. Kg1 c6 17. Qe2 Nc7 18. Nc2 b5 19. Bd2 (19. Ne1 $14) 19... Rab8 20. Rfb1 Nf7 21. Nxf7 (21. Nf3 {is more complex.} c5 22. axb5 cxd4 23. cxd4 Nxb5 24. Qd3) 21... Kxf7 22. axb5 Rxb5 23. c4 dxc4 24. bxc4 Rxb1+ 25. Rxb1 c5 (25... Ra8 $11 {keeps the balance.}) 26. d5 $1 $16 ({Much worse is} 26. Bxa5 $6 cxd4 27. Qd3 Na6 $11) 26... exd5 27. Bxa5 {[%emt 0:01:38] Strongly threatening Rb7. White is more active.} Ne6 $2 {[%emt 0:00:02] [#] Black cannot hold the game after this.} (27... dxc4 $16 {was worth a try.} 28. Rb7 (28. Qxc4+ Qd5 $11) 28... Kg8) 28. Qf3 $1 $18 Ra8 $2 (28... Qa7) 29. cxd5 {[%emt 0:01:06] White is clearly winning.} Rxa5 {[%emt 0:00:03] [#]} 30. Rb7 $3 Nc7 (30... Ra7 31. Rxd7+) 31. e6+ {[%emt 0:00:04] Weighted Error Value: White=0.10 (very precise) /Black=0.31} 1-0

[Event "Slovakia Open 2022"]
[Site "Bratislava"]
[Date "2022.09.30"]
[Round "3.13"]
[White "Rancso, Mark"]
[Black "Machata, Martin"]
[Result "0-1"]
[ECO "C02"]
[WhiteElo "1960"]
[BlackElo "2212"]
[Annotator "TA"]
[PlyCount "94"]
[EventDate "2022.09.30"]
[EventCountry "SVK"]
[SourceTitle "playchess.com"]
[Source "ChessBase"]
[SourceQuality "1"]
[TimeControl "2700+10"]

1. d4 e6 2. e4 d5 3. e5 Bd7 4. Nf3 a6 5. c3 Bb5 6. Bd3 {[%emt 0:00:21] C02: French: Advance Variation.} Bxd3 7. Qxd3 c5 {[%emt 0:00:10] Against b4} 8. a3 {[%emt 0:00:54] The position is equal.} Nc6 9. O-O c4 10. Qe2 Nge7 {[%emt 0:01:13] [#]} 11. Bg5 $146 ({Predecessor:} 11. Ng5 h6 12. Nh3 Qd7 13. Nd2 Ng6 14. f4 O-O-O 15. b3 cxb3 16. Nxb3 f6 17. Qh5 {1-0 (47) Di Donato,G (1919)-Guerini,S (1773) Bratto 2013}) 11... Qb6 12. Qc2 Na5 13. Nbd2 h6 14. Be3 Nec6 15. Rab1 Nb3 16. Nxb3 cxb3 17. Qd1 Na5 18. Nd2 Qb5 19. Re1 Be7 20. Qe2 Rc8 21. Qxb5+ axb5 22. f4 g6 23. Re2 Kd7 24. Kf2 Rc6 25. Ree1 Rg8 26. g3 Rg7 27. h4 Rc8 28. f5 gxf5 29. Bxh6 Rg4 30. Rh1 Rh8 31. Bg5 ({White should play} 31. Bf4 $14) 31... Bxg5 $15 32. hxg5 Rxh1 (32... Rg8 $1 $15) 33. Rxh1 $11 Rxg5 $15 {[%emt 0:00:08][%mdl 4096] Endgame KRN-KRN} 34. Rh7 Ke7 35. Rh8 $1 {[%emt 0:00:06] Against Rg8} b6 36. Rb8 Nc4 37. Nxc4 bxc4 38. Rxb6 $11 {[%emt 0:00:20] Hoping for Rb7+. KR-KR} f4 39. gxf4 Rg4 40. a4 {[%emt 0:01:28] [#] Strongly threatening Rb7+.} Rxf4+ 41. Kg2 Rg4+ 42. Kf2 Rh4 {[%emt 0:00:14] ...Rh2+ is the strong threat.} 43. Kg2 {[%emt 0:00:03] Against Rh2+} Rg4+ 44. Kf2 Rf4+ 45. Kg2 Kd7 46. Rb7+ Kc6 47. Re7 {[%emt 0:00:07][%mdl 8192] [#]} (47. Rb8 $11 {and White is okay.}) 47... Rxd4 $4 {[%emt 0:00:36][%mdl 40960] Weighted Error Value: White=0.19 (very precise) /Black=0.05 (flawless) . Loss on time!?} 0-1

[Event "Slovakia Open 2022"]
[Site "Bratislava"]
[Date "2022.09.30"]
[Round "3.14"]
[White "Novosadova, Kristyna"]
[Black "Kucera, Michal"]
[Result "1-0"]
[ECO "B33"]
[WhiteElo "2151"]
[BlackElo "1927"]
[Annotator "TA"]
[PlyCount "107"]
[EventDate "2022.09.30"]
[EventCountry "SVK"]
[SourceTitle "playchess.com"]
[Source "ChessBase"]
[SourceQuality "1"]
[TimeControl "2700+10"]

1. e4 {[%emt 0:00:07] CB} c5 2. Nf3 Nc6 3. d4 cxd4 4. Nxd4 Nf6 5. Nc3 e5 6. Ndb5 d6 7. Bg5 a6 8. Na3 b5 9. Nd5 Be7 10. Bxf6 Bxf6 11. c3 O-O 12. Nc2 Rb8 13. a4 bxa4 14. Ncb4 Nxb4 15. cxb4 {[%emt 0:02:33] The main line 15.cxb4 scores better than 15.Nxb4.} Bb7 16. Rxa4 {[%emt 0:00:24] [#]} Ra8 $146 {[%emt 0:00:51] B33: Sicilian: Pelikan and Sveshnikov Variations.} ({Black should play} 16... Bxd5 $11 17. exd5 e4 18. Bxa6 Bxb2) ({Predecessor:} 16... Qc8 17. Nxf6+ gxf6 18. Bd3 Bc6 19. Rxa6 Rxb4 20. O-O Rd4 21. Qf3 Bxe4 22. Bxe4 Qxa6 23. Qg4+ Kh8 24. Qf5 Rxe4 25. Qxf6+ Kg8 26. Qg5+ Kh8 27. Qf6+ Kg8 28. Qg5+ Kh8 {½-½ (28) Vachier Lagrave,M (2765)-Carlsen,M (2850) London 2015 CBM 170 [CB]}) 17. Bc4 $14 Bg5 18. O-O Kh8 {[%emt 0:00:28] White is slightly better.} 19. Qd3 g6 20. Bxa6 {[%emt 0:00:44] White is more active.} Bxd5 21. Qxd5 Qb6 22. b5 f5 (22... Ra7 $16) 23. exf5 $18 gxf5 24. Rc4 Rfd8 (24... e4 $142 25. Rc6 Qa7 26. Qxd6 Qe7 27. Qxe7 Bxe7) 25. Rc6 Qd4 26. Qf7 {[%emt 0:02:18] [#] White threatens Rc7 and mate.} Rf8 27. Qh5 Bd8 {[%emt 0:01:00] Against Rc7} (27... Qg4 $142 28. Qxg4 fxg4 29. Rxd6 e4) 28. Rd1 Qg4 29. Qxg4 fxg4 30. Rcxd6 (30. Rdxd6 $18 {Strongly threatening g3.} Ba5 31. Kf1) 30... Rb8 $16 31. Re1 Bb6 32. Re2 ({Much weaker is} 32. Rxe5 $6 Bc7 33. Ree6 Bxd6 34. Rxd6 Rf4 $11) 32... Bd4 33. Rc6 Rbd8 {[%emt 0:01:23][%cal Od4f2] [#] ( -> ...Bxf2+!)} 34. g3 {[%emt 0:00:23] Hoping for b6.} Rb8 {[%emt 0:02:27] Prevents b6.} 35. Kg2 Kg7 36. Rc7+ Rf7 37. Rec2 Bb6 38. Rxf7+ Kxf7 $18 {[%emt 0:00:10][%mdl 4096] Endgame KRB-KRB} 39. Bc8 h5 40. Bd7 Ke7 41. Bc6 Bd4 42. f3 Kf6 43. h3 Kg5 44. Bd7 gxf3+ 45. Kxf3 h4 46. gxh4+ Kxh4 47. Rg2 Rb6 {[%emt 0:00:10] A mistake that costs the game.} (47... Rf8+ $16 {is a better defense.} 48. Ke4 Rd8) 48. Rg4+ Kh5 49. b3 Rd6 50. Be8+ Kh6 51. Ke4 Rb6 52. Kf5 Bc3 (52... Rd6 {was called for.} 53. Bf7 Rd8) 53. Rc4 {[%emt 0:00:29] White wants to mate with Rc6+.} Bd4 54. Rc6+ {[%emt 0:01:03] Weighted Error Value: White=0.11 (very precise) /Black=0.26 (precise)} 1-0

[Event "Slovakia Open 2022"]
[Site "Bratislava"]
[Date "2022.09.30"]
[Round "3.15"]
[White "Durovka, Stefan"]
[Black "Sobek, Michal"]
[Result "0-1"]
[ECO "A35"]
[WhiteElo "1783"]
[BlackElo "2156"]
[Annotator "TA"]
[PlyCount "114"]
[EventDate "2022.09.30"]
[EventCountry "SVK"]
[SourceTitle "playchess.com"]
[Source "ChessBase"]
[SourceQuality "1"]
[TimeControl "2700+10"]

1. Nf3 c5 2. c4 Nc6 3. Nc3 g6 4. d4 cxd4 5. Nxd4 Bg7 6. Nxc6 bxc6 7. Bd2 {[%emt 0:00:08] A35: Symmetrical English: 2 Nc3 Nc6 3 Nf3.} Nf6 8. e4 d6 9. Bd3 {[%emt 0:00:09] The position is equal.} O-O 10. O-O {[%emt 0:00:01] [#]} d5 $146 ({Predecessor:} 10... Rb8 11. b3 Nd7 12. Rc1 Nc5 13. Bb1 Ne6 14. Re1 Nd4 15. Be3 c5 16. Bxd4 cxd4 17. Nb5 Qb6 {0-1 (54) Shamaeva,E (1934)-Khomitskiy,M (2020) Zheleznogorsk 2017}) 11. cxd5 cxd5 12. exd5 Nxd5 13. Be4 Bb7 {[%emt 0:00:56] Hoping for ...Nxc3.} 14. Nxd5 Bxd5 15. Bxd5 Qxd5 16. Bc3 Qb5 17. Bxg7 Kxg7 18. b3 Rfd8 19. Qc2 Rac8 20. Qb2+ e5 21. Rfe1 Rd5 22. h3 f6 23. Re4 Qd3 24. Qe2 Rc2 25. Qxd3 Rxd3 $15 {[%emt 0:00:03][%mdl 4096] Endgame KRR-KRR} 26. Ra4 Rdd2 27. Rxa7+ Kh6 28. Rf1 e4 29. Ra4 (29. Re7 $11 {and White has nothing to worry.}) 29... e3 ({Stronger than} 29... Rxa2 30. Rxe4 Rdb2 31. Rh4+ Kg7 32. Rb4 $11) (29... f5 $19 30. Kh1 Rxf2 31. Rxf2 Rxf2) 30. Rh4+ Kg7 31. Re4 $1 exf2+ 32. Kh2 Rxa2 33. g3 (33. Re7+ $15 Kh6 34. g4) 33... Rd3 $1 $17 {[%emt 0:02:35] Black is more active.} 34. Ra4 (34. Rf4 $17) 34... Re2 $19 35. b4 f5 (35... h5 $19 36. b5 Rb2 37. Ra7+ Kh6) 36. b5 (36. g4 $17 {was called for.}) 36... Rb3 (36... Ree3 $1 $19 {is more deadly. Threatens to win with ...Rb3.} 37. Rxf2 Rxg3) 37. Ra7+ {[%emt 0:00:04] [#]} (37. g4 $17 {was necessary.}) 37... Kh6 $1 {[%emt 0:00:03] ...Ree3 is the strong threat.} 38. Rb7 $2 {[%emt 0:00:04] [#]} (38. b6) 38... Ree3 $1 39. Rxf2 Rxg3 40. h4 Rh3+ 41. Kg2 Rxh4 42. Rb6 Kg5 {[%emt 0:00:30] White must now prevent ...Rg4+.} 43. Rb7 Rhb4 44. Rxh7 Rxb5 {[%emt 0:00:02] ( -> ...f4)} 45. Kh2 Rb2 46. Kg2 Rxf2+ 47. Kxf2 {[%emt 0:00:02] KR-KR} Rb2+ 48. Ke3 Rb3+ (48... f4+ $142 49. Kf3 Rb3+ 50. Ke4 Kg4 51. Rh1 g5 52. Rg1+ Rg3 53. Rh1 Re3+ 54. Kd4 Re2 55. Rg1+ Kf5 56. Rh1 f3 57. Rf1 g4 58. Kd3 Kf4 59. Rh1 g3 60. Rh7 g2 61. Rh4+ Kg3 62. Rh8 g1=Q 63. Rg8+ Kf2 64. Rxg1 Kxg1 65. Kc4 f2 66. Kd4 f1=Q 67. Kc5 Qd1 68. Kb6 Rc2 69. Ka7 Qb1 70. Ka8 Ra2#) 49. Kf2 Kg4 {[%emt 0:00:03] Black mates.} 50. Rh6 g5 51. Rh8 f4 52. Rf8 Rb2+ 53. Ke1 Kg3 54. Rg8 g4 55. Rd8 f3 56. Rd1 Kg2 57. Rd4 f2+ {[%emt 0:00:04] Weighted Error Value: White=0.78/Black=0.31} 0-1

[Event "Slovakia Open 2022"]
[Site "Bratislava"]
[Date "2022.09.30"]
[Round "3.16"]
[White "Bombek, Peter"]
[Black "Rosol, Philip"]
[Result "1/2-1/2"]
[ECO "A45"]
[WhiteElo "2083"]
[BlackElo "1885"]
[Annotator "TA"]
[PlyCount "121"]
[EventDate "2022.09.30"]
[EventCountry "SVK"]
[SourceTitle "playchess.com"]
[Source "ChessBase"]
[SourceQuality "1"]
[TimeControl "2700+10"]

1. d4 Nf6 2. Bg5 Ne4 3. Bf4 c5 4. f3 Nf6 5. dxc5 Qa5+ 6. Nc3 {[%emt 0:00:05] A45: Trompowsky Attack.} Nc6 7. e4 e5 8. Be3 {[%emt 0:01:12] White is slightly better.} Bxc5 9. Bxc5 Qxc5 10. Qd2 a6 {[%emt 0:01:18][%cal Od7d5] [#]} 11. O-O-O $146 ({Predecessor:} 11. Nge2 d5 12. exd5 Nb4 13. O-O-O Bf5 14. Ng3 Bxc2 15. a3 Bxd1 16. axb4 Qxb4 17. Qxd1 {1-0 (53) Dauenheimer,T-Traub,B (2200) Germany 1998}) 11... b5 12. Kb1 Bb7 13. g4 {[%emt 0:00:25] [#] And now g5 would win.} h6 14. h4 O-O-O 15. Bh3 b4 16. Na4 Qb5 (16... Qa5 $1 $11 17. g5 Ne8) 17. b3 $14 Nd4 18. Rh2 Kb8 19. Bf1 Qa5 20. g5 Nh5 21. a3 d5 22. Qxb4 ({White should play} 22. Qe1 $14) 22... Qxb4 $11 23. axb4 dxe4 24. fxe4 Ng3 {[%emt 0:02:16] [#] Strongly threatening ...hxg5.} 25. gxh6 Rxh6 26. Kb2 Bxe4 (26... Nxe4 $15 27. h5 Rdh8) 27. Bc4 $14 f5 28. Nc5 Bb7 (28... Rdd6 $1 $14) 29. c3 (29. Nxb7 $18 Kxb7 30. Rg2) 29... Nc6 30. Rxd8+ Nxd8 31. Rd2 $36 {[%emt 0:00:44][%mdl 2048] White has some pressure.} Nc6 (31... Kc8 $1 $11 {and Black stays safe.}) 32. Rd7 $18 Bc8 33. Rxg7 {[%emt 0:00:14] White is much more active.} f4 (33... Ne4 {might work better.} 34. Nf3 (34. Bxa6 Nxc5 35. Bxc8 Nd3+ 36. Kc2 Ndxb4+ 37. cxb4 Kxc8 $11) (34. Nxa6+ Bxa6 35. Bxa6 Nxb4 $16) 34... Nxc5) 34. Bd5 $2 ({Less strong is} 34. Nxa6+ Bxa6 35. Bxa6 Nxb4 $16) (34. Bxa6 $18 {is more deadly. Hoping for b5.} Bxa6 35. Nxa6+ Ka8 36. Nc7+ Kb8 37. Na6+ Ka8 38. b5) 34... Nf5 $16 35. Rf7 {[%emt 0:01:33] Bxc6 is the strong threat.} Nfe7 ({Better is} 35... Nd6 $14) 36. Be4 $18 Rxh4 37. Nf3 Rh6 38. Nxe5 $2 Nxe5 39. Rxe7 Ng4 40. Rf7 Rf6 41. Rxf6 Nxf6 $16 {[%emt 0:00:02][%mdl 4096] Endgame KBN-KBN} 42. Bd3 (42. Bg2 $16) 42... f3 $1 $11 {[%emt 0:01:04] The position is equal.} 43. Nxa6+ Bxa6 44. Bxa6 {[%emt 0:00:00] KB-KN} f2 45. Kc2 Ne4 46. Bd3 Ng3 47. c4 f1=Q 48. Bxf1 Nxf1 {[%emt 0:00:05] KN-K3P} 49. Kd3 Kc7 50. Kd4 Nd2 51. c5 Nxb3+ {[%emt 0:00:14] KN-KPP} 52. Kc4 Nd2+ 53. Kd5 Nb1 54. b5 Nc3+ 55. Kc4 Nxb5 56. Kxb5 {[%emt 0:00:01] KP-K} Kb7 57. c6+ Kc7 58. Kc5 Kc8 59. Kb6 {[%emt 0:00:00] Threatening mate with c7.} Kb8 60. c7+ Kc8 61. Kc6 {[%emt 0:00:01] Black defended with fortune.  Weighted Error Value: White=0.29 (precise) /Black=0.33} 1/2-1/2

[Event "Slovakia Open 2022"]
[Site "Bratislava"]
[Date "2022.09.30"]
[Round "3.17"]
[White "Merva, Frantisek"]
[Black "Csontos, Aron"]
[Result "1/2-1/2"]
[ECO "D05"]
[WhiteElo "1981"]
[BlackElo "1962"]
[Annotator "TA"]
[PlyCount "104"]
[EventDate "2022.09.30"]
[EventCountry "SVK"]
[SourceTitle "playchess.com"]
[Source "ChessBase"]
[SourceQuality "1"]
[TimeControl "2700+10"]

1. d4 Nf6 2. Nf3 d5 3. e3 c5 4. c3 e6 5. Bd3 Nc6 6. O-O Bd6 7. Nbd2 O-O 8. dxc5 Bxc5 9. b4 Bd6 10. Bb2 a6 {[%emt 0:00:33] D05: Colle System with ...e6.} 11. a3 e5 (11... Ne5 $11 12. Nxe5 Bxe5) 12. e4 (12. c4 $14) 12... Bg4 13. exd5 (13. h3 $5 Be6 14. Ng5 $14) 13... Nxd5 {[%emt 0:00:08] [#]} 14. Ne4 $146 ({Predecessor:} 14. Qc2 Nf6 15. h3 Bh5 16. Ng5 Bg6 17. Bxg6 hxg6 18. Rad1 Qc7 19. c4 Nd4 20. Bxd4 exd4 {1-0 (42) Godart,F (2359)-Lebret,J (2084) Avoine 2013}) 14... Be7 15. Bc2 Nf4 16. Qxd8 Raxd8 17. Rfe1 Bxf3 18. gxf3 f5 19. Ng3 Rd2 20. Bb3+ Kh8 21. Bc1 Rd3 22. Re3 g6 23. Rxd3 Nxd3 {[%emt 0:00:04] Pair of Knights!} 24. Bh6 Rd8 25. Rd1 Nf4 26. Rxd8+ Bxd8 27. Bxf4 exf4 $11 {[%emt 0:00:03][%mdl 4096] Endgame KBN-KBN} 28. Ne2 Bf6 29. Kf1 Kg7 30. Bd5 Kf8 31. a4 Ke7 32. Ke1 Kd6 33. Bxc6 (33. Bb3 $11) 33... Kxc6 {[%emt 0:00:24] KB-KN} 34. Kd2 b5 35. axb5+ axb5 {[%emt 0:00:02] [#] ...g5 is the strong threat.} (35... Kxb5 $5 36. Kd3 $8 Bh4 $11) 36. Kd3 g5 {[%emt 0:00:22] Hoping for ...Kd5.} 37. c4 bxc4+ 38. Kxc4 h5 39. Nc1 g4 40. Nd3 h4 41. b5+ Kd6 42. Nxf4 {[%emt 0:00:56] Strongly threatening Nd5.} Be5 43. Ng6 Bxh2 44. Nxh4 Ke5 {[%emt 0:00:44][%mdl 8192] [#]} (44... Kc7 $11 {and Black has nothing to worry.}) 45. fxg4 $2 ({Only move:} 45. b6 $18) 45... fxg4 {[%emt 0:00:08] The position is equal.} 46. Kd3 g3 47. f3 Bg1 48. Ke2 Kd5 49. Kf1 Bd4 50. Kg2 Be5 51. Ng6 Bd6 52. f4 Bxf4 {[%emt 0:00:10] Weighted Error Value: White=0.23 (precise) /Black=0.23 (precise)} 1/2-1/2

[Event "Slovakia Open 2022"]
[Site "Bratislava"]
[Date "2022.09.30"]
[Round "3.18"]
[White "Kukan, Michal"]
[Black "Mikulas, Dusan"]
[Result "1/2-1/2"]
[ECO "B30"]
[WhiteElo "1767"]
[BlackElo "2047"]
[Annotator "TA"]
[PlyCount "20"]
[EventDate "2022.09.30"]
[EventCountry "SVK"]
[SourceTitle "playchess.com"]
[Source "ChessBase"]
[SourceQuality "1"]
[TimeControl "2700+10"]

1. e4 c5 2. Nf3 d6 3. c4 e5 4. Nc3 Nc6 5. Be2 g6 {[%emt 0:00:11] The position is equal.} 6. O-O {[%emt 0:00:07] B30: Sicilian: 2...Nc6 3 Bb5, lines without ...g6.} Bg7 7. d3 Nge7 8. Bg5 h6 9. Be3 O-O {[%emt 0:00:11] [#]} 10. a3 $146 ({Predecessor:} 10. Qd2) 10... Kh7 {[%emt 0:00:28] A rather calm draw.  Weighted Error Value: White=0.02 (flawless) /Black=0.01 (flawless)} 1/2-1/2